 Dungeon Crawl Stone Soup version 0.31-a0-986-g5e6e4ef867 (webtiles) character file.

Game seed: 13165499262704998093

46 sokol815 the Poker (level 3, -1/25 HPs)
             Began as an Octopode Gladiator on Nov 10, 2023.
             Slain by a goblin
             ... wielding a +0 dagger
             ... led by Robin
              (3 damage)
             ... on level 2 of the Dungeon.
             The game lasted 00:01:19 (1435 turns).

sokol815 the Poker (Octopode Gladiator)             Turns: 1435, Time: 00:01:20

Health: -1/25      AC:  1    Str: 13    XL:     3   Next: 68%
Magic:  3/3        EV: 14    Int: 10    God:
Gold:   50         SH:  0    Dex: 15    Spells: 2/2 levels left

rFire   . . .        a - +0 whip (elec)
rCold   . . .        (no shield)
rNeg    . . .        b - +0 hat
rPois   .            (no amulet)
rElec   .            (no ring)
rCorr   .            (no ring)
SInv    .            (no ring)
Will    .....        (no ring)
Stlth   ++           (no ring)
HPRegen 0.24/turn    (no ring)
MPRegen 0.08/turn    (no ring)
                     (no ring)

%: no passive effects
@: no status effects
A: almost no armour, amphibious, 8 rings, camouflage 1, gelatinous body 1,
(nimble swimmer 1), tentacles
a: no special abilities


You were on level 2 of the Dungeon.
You visited 1 branch of the dungeon, and saw 2 of its levels.

You collected 50 gold pieces.

Inventory:

Hand Weapons
 a - a +0 whip of electrocution (weapon)
   (You found it on level 1 of the Dungeon)
 k - a +0 trident
Missiles
 c - 3 throwing nets {!d}
 d - 3 javelins
 s - 5 stones
Armour
 b - a +0 hat (worn)
Scrolls
 e - 3 scrolls of teleportation {unknown}
 f - 2 scrolls of butterflies {unknown}
 g - a scroll of enchant armour {unknown}
 m - a scroll of identify {unknown}
 n - a scroll of amnesia {unknown}
 o - 2 scrolls of torment {unknown}
Potions
 h - a potion of degeneration {unknown}
 i - 2 potions of curing {unknown}
 j - 2 potions of might {unknown}
 l - a potion of haste {unknown}


   Skills:
 + Level 2.7 Fighting
 * Level 1.3 Maces & Flails
 - Level 3.7 Polearms
 - Level 2.0 Throwing
 - Level 3.0 Dodging


You had 2 spell levels left.
You didn't know any spells.
Your spell library contained the following spells:

 Spells                   Type           Power      Damage    Failure   Level
 Blink                    Tloc           0%         N/A       50%         2
 Ensorcelled Hibernation  Hex/Ice        0%         N/A       50%         2
 Lesser Beckoning         Tloc           0%         N/A       50%         2
 Momentum Strike          Conj/Tloc      0%         3d8       50%         2
 Passwall                 Tmut/Erth      0%         N/A       50%         2
 Poisonous Vapours        Pois/Air       0%         N/A       50%         2
 Mephitic Cloud           Conj/Pois/Air  0%         N/A       75%         3
 Swiftness                Air            0%         N/A       75%         3
 Freezing Cloud           Conj/Ice/Air   0%         6-21      100%        5


Dungeon Overview and Level Annotations

Branches:
Dungeon (2/15) Zot: 10557

Altars:

Annotations:
D:1 exclusion: downstairs


Innate Abilities, Weirdness & Mutations

You cannot wear most types of armour.
You are amphibious.
You can wear up to eight rings at the same time.
Your skin changes colour to match your surroundings (Stealth+).
Your rubbery body absorbs attacks. (AC +1, EV +1)
((You are camouflaged when in or above water. (Stealth+)))
You have tentacles for arms and can constrict up to eight enemies at once.


Message History

A frilled lizard is nearby!
The frilled lizard hisses angrily.
A frilled lizard is nearby!
You hit the frilled lizard.
You kill the frilled lizard!
You see here a frilled lizard corpse.
f - 2 scrolls labelled BYEN JAKUOLO (gained 1)
A ball python is nearby!
A ball python is nearby!
A ball python is nearby!
The ball python hisses angrily.
You hear an angry hiss.
A frilled lizard comes into view.
You barely miss the ball python. Your grab misses the ball python.
Your squeeze misses the ball python. The ball python bites you.
The ball python grabs you. The ball python constricts you.
The ball python bites you. The ball python constricts you.
You take 7 damage, and have 18/25 hp.
MASSIVE DAMAGE!!
You hit the ball python. You grab the ball python. You squeeze the ball python.
You kill the ball python!
You hit the frilled lizard.
You kill the frilled lizard!
No target in view!
No target in view!
A hobgoblin is nearby!
The hobgoblin shouts!
You hit the hobgoblin. Your grab misses the hobgoblin.
You squeeze the hobgoblin.
You kill the hobgoblin!
No target in view!
You now have 50 gold pieces (gained 9).
You see here a hobgoblin corpse.
Robin is nearby!
Health restored: 25 Robin shouts!
You hear a shout! x4
You see here a +0 whip.
No target in view!
No target in view!
Robin and a goblin come into view.
Robin is wielding a +0 dagger and wearing the +5 helmet of Duty {Harm Regen+ Int-4 Slay-4}.
A goblin comes into view. It is wielding a +0 club.
The goblin shouts!
The hobgoblin shouts!
Robin roars a battlecry!
The goblins go into a battle-frenzy!
You hear a shout! x2; The goblin shouts!
Robin misses you.
You closely miss Robin. You grab Robin. You constrict Robin, but do no damage.
Robin hits you with a +0 dagger. The goblin barely misses you.
You take 3 damage, and have 22/25 hp.
You hit Robin. You constrict Robin. Robin throws the goblin at you!
The goblin hits you with a +0 club!
You take 7 damage, and have 15/25 hp.
MASSIVE DAMAGE!!
You hit Robin. Lightning courses through Robin!!
You kill Robin!
The goblin barely misses you.
Your Maces & Flails skill increases to level 1!
The goblin misses you.
The goblin shouts!
The hobgoblin attacks as it pursues you!
The hobgoblin hits you.
You take 6 damage, and have 10/25 hp.
MASSIVE DAMAGE!!
The hobgoblin attacks as it pursues you!
The hobgoblin closely misses you.
You see here a hobgoblin corpse.
The hobgoblin barely misses you.
The goblin no longer looks unusually strong.
The goblin attacks as it pursues you! The goblin misses you.
The goblin barely misses you.
You barely miss the goblin. You grab the goblin. You squeeze the goblin.
You kill the goblin!
You hit the hobgoblin.
Lightning courses through the hobgoblin!!
You kill the hobgoblin!
You hit the goblin. You grab the goblin. You squeeze the goblin.
You kill the goblin!
You hit the hobgoblin but do no damage. You grab the hobgoblin.
You constrict the hobgoblin. The hobgoblin hits you.
The hobgoblin closely misses you.
You take 4 damage, and have 9/25 hp.
You completely miss the hobgoblin. You constrict the hobgoblin.
The hobgoblin barely misses you.
You barely miss the hobgoblin. You constrict the hobgoblin.
You kill the hobgoblin!
You closely miss the goblin. Your grab misses the goblin.
The goblin hits you with a +0 club.
* * * LOW HITPOINT WARNING * * *
The goblin hits you with a +0 club.
* * * LOW HITPOINT WARNING * * *
You take 7 damage, and have 2/25 hp.
MASSIVE DAMAGE!!
You hit the goblin. You grab the goblin. You constrict the goblin.
The goblin closely misses you.
You hit the goblin. Lightning courses through the goblin!
You kill the goblin!
You closely miss the goblin. Your grab misses the goblin.
The goblin hits you with a +0 dagger.
You die...

#. .##.........#..##### ..
##.........>...... #.
#...........##.### .. #.........
#.... #. #........ ##### ##.##
#........ . .... #........ .. #..
#........ ..g #)### #@#
....##...#######g################
.......g...gg†..gg...............
..........)...†..................
....##.....................######
... #.?.#################......#
.. ##### ######.. # ###


You could see 3 goblins.

Vanquished Creatures
  Robin (D:2)
  A dart slug (D:1)
  2 bats (D:1)
  2 endoplasms (D:1)
  5 goblins
  5 hobgoblins
  2 jackals (D:1)
  2 kobolds (D:1)
  A quokka (D:2)
  5 ball pythons
  3 frilled lizards
  3 rats
32 creatures vanquished.

Notes
Turn   | Place    | Note
-------+----------+-------------------------------------------
     0 | D:1      | sokol815 the Octopode Gladiator began the quest for the
                  | Orb.
     0 | D:1      | Reached XP level 1. HP: 14/14 MP: 1/1
    51 | D:1      | Found a faded altar of an unknown god.
   163 | D:1      | Reached XP level 2. HP: 19/19 MP: 2/2
  1188 | D:2      | Identified the +5 helmet of Duty {Harm Regen+ Int-4 Slay-4}
  1188 | D:2      | Noticed Robin
  1256 | D:2      | Reached XP level 3. HP: 25/25 MP: 3/3
  1415 | D:2      | Killed Robin
  1416 | D:2      | Reached skill level 1 in Maces & Flails
  1432 | D:2      | HP: 2/25 [goblin/+0 club[Robin] (5)]
  1435 | D:2      | Slain by a goblin

Illustrated notes

Levels and vault maps discovered:
D:1:      dpeg_arrival_court, layout_basic,
          hellmonk_ecumenical_altar_arch_garden
D:2:      layout_rooms, kennysheep_generic_room_13, uniq_robin

Skill      XL: |  1  2  3 |
---------------+----------+-----
Maces & Flails | 1 |  1.3
Fighting       | |  2.7
Polearms       | |  3.7
Throwing       | |  2.0
Dodging        | |  3.0

Action                     || total
---------------------------++-------
  Melee: Trident           ||    34
         Constrict         ||    15
         Tentacles         ||     9
         Whip              ||    23
  Throw: Javelin           ||     2
   Stab: Sleeping          ||     7
 Armour: Skin              ||    16
  Dodge: Dodged            ||    33

Table legend: (Time is in decaauts)
 A = Elapsed time spent in this place.
 B = Non-inter-level travel time spent in this place.
 C = Inter-level travel time spent in this place.
 D = Time resting spent in this place.
 E = Time spent auto-exploring this place.
 F = Levels seen in this place.
 G = Mean time per level.
                   A        B        C        D        E       F      G
               +--------+--------+--------+--------+--------+-----+--------+
         Total |   1441 |   1263 |    178 |      0 |   1083 |   2 |  720.5 |
       Dungeon |   1441 |   1263 |    178 |      0 |   1083 |   2 |  720.5 |
               +--------+--------+--------+--------+--------+-----+--------+

Top non-repeatable levels by time:
     D:1: 1231 daAuts
     D:2: 209 daAuts

Levels and vault maps discovered:
D:1:      dpeg_arrival_court, layout_basic,
          hellmonk_ecumenical_altar_arch_garden
D:2:      layout_rooms, kennysheep_generic_room_13, uniq_robin

Table legend: (Time is in decaauts)
 A = Elapsed time spent in this place.
 B = Non-inter-level travel time spent in this place.
 C = Inter-level travel time spent in this place.
 D = Time resting spent in this place.
 E = Time spent auto-exploring this place.
 F = Levels seen in this place.
 G = Mean time per level.
                   A        B        C        D        E       F      G
               +--------+--------+--------+--------+--------+-----+--------+
         Total |   1441 |   1263 |    178 |      0 |   1083 |   2 |  720.5 |
       Dungeon |   1441 |   1263 |    178 |      0 |   1083 |   2 |  720.5 |
               +--------+--------+--------+--------+--------+-----+--------+

Top non-repeatable levels by time:
     D:1: 1231 daAuts
     D:2: 209 daAuts

Table legend:
 A = Kills in this place as a percentage of kills in the entire game.
 B = Kills by you in this place as a percentage of kills by you in the entire game.
 C = Kills by friends in this place as a percentage of kills by friends in the entire game.
 D = Other kills in this place as a percentage of other kills in the entire game.
 E = Experience gained in this place as a percentage of experience gained in the entire game.
 F = Experience gained in this place divided by the number of levels of this place that you have seen.
                   A       B       C       D       E      F
               +-------+-------+-------+-------+-------+----------------------
         Total | 100.0 | 100.0 |   N/A |   N/A | 100.0 |  33.5
       Dungeon | 100.0 | 100.0 |   N/A |   N/A | 100.0 |  33.5
               +-------+-------+-------+-------+-------+----------------------
